Map: Year Zero LE

Players

Lambo - Winner!

  • Race: Zerg Zerg
  • Spawn Location: 1:00

Has

  • Race: Protoss Protoss
  • League: Diamond
  • Spawn Location: 11:00

Event: 2019 WCS Spring

VOD

Have the link to the VOD?

Description

Time

  • Played on: May 18, 2019, 7:35 a.m.
  • Length: 8:12

All games in this series

Show
View Real Time Build Order
Export as new Build Order

Lambo Zerg - Winner!

Build Orders: Pool First 

Get SALT Encoding   

  12  0:01  Drone  
  13  0:13  Overlord  
  13  0:17  Drone  
  14  0:31  Drone x2  
  14  0:35  Drone  
  17  0:45  Spawning Pool  
  17  0:49  Drone  
  17  0:57  Drone  
  18  1:13  Hatchery  
  18  1:18  Drone  
  18  1:21  Extractor  
  18  1:24  Drone  
  18  1:33  Queen, Zergling x2  
  21  1:43  Overlord  
  21  1:51  Drone  
  22  2:03  Drone  
  23  2:08  Queen  
  23  2:12  Drone  
  26  2:22  Metabolic Boost  
  26  2:26  Drone x2  
  28  2:33  Drone  
  29  2:39  Hatchery  
  29  2:40  Drone  
  29  2:45  Drone  
  29  2:47  Zergling x2  
  29  2:49  Drone  
  32  2:52  Overlord  
  32  2:55  Drone  
  33  3:01  Drone  
  33  3:05  Drone  
  35  3:10  Queen  
  35  3:11  Drone x2  
  39  3:14  Zergling x2  
  39  3:17  Zergling x4  
  42  3:20  Overlord  
  42  3:23  Drone  
  42  3:25  Drone  
  44  3:34  Spore Crawler  
  44  3:36  Drone  
  44  3:41  Drone x2  
  46  3:46  Queen  
  46  3:47  Drone x2  
  50  3:49  Overlord  
  50  3:51  Drone x2  
  51  3:55  Overlord  
  51  4:04  Spore Crawler  
  51  4:05  Overlord  
  51  4:07  Queen  
  51  4:09  Drone x2  
  54  4:13  Zergling x2  
  54  4:14  Zergling x2, Drone  
  57  4:20  Drone x2  
  57  4:22  Drone x2  
  61  4:25  Drone x2  
  63  4:32  Roach Warren  
  63  4:34  Drone x2  
  63  4:38  Overlord  
  64  4:40  Lair, Extractor  
  64  4:41  Extractor  
  64  4:44  Drone x2  
  64  4:47  Drone  
  64  4:48  Drone  
  64  4:49  Overlord  
  66  4:54  Drone x2  
  66  4:55  Drone x2  
  66  4:57  Drone  
  66  4:59  Overlord  
  70  5:02  Extractor  
  70  5:06  Overlord  
  68  5:07  Overlord  
  68  5:10  Drone x2  
  68  5:11  Overlord, Drone  
  70  5:16  Evolution Chamber  
  70  5:19  Roach x3  
  75  5:23  Roach x2  
  75  5:25  Overlord  
  75  5:27  Roach  
  81  5:30  Overlord  
  81  5:32  Roach  
  81  5:34  Overlord  
  83  5:37  Roach  
  83  5:41  Glial Reconstitution  
  85  5:43  Zerg Missile Weapons Level 1  
  85  5:44  Roach  
  85  5:45  Roach  
  88  5:52  Roach x3  
  88  5:55  Roach  
  88  5:56  Roach x2  
  100  5:59  Overlord  
  100  6:00  Roach  
  100  6:04  Roach x2  
  106  6:07  Roach  
  108  6:12  Roach x3  
  108  6:14  Overlord  
  108  6:16  Roach  
  116  6:20  Roach x2  
  116  6:25  Roach x3  
  126  6:29  Roach x2  
  126  6:32  Roach  
  132  6:35  Roach  
  132  6:36  Roach  
  136  6:42  Roach  
  136  6:43  Roach x2  
  136  6:45  Overlord  
  136  6:46  Roach  
  144  6:50  Overlord  
  144  6:51  Roach  
  144  6:52  Roach  
  144  6:54  Overlord  
  148  6:57  Overlord  
  148  6:58  Roach  
  150  7:02  Overlord  
  150  7:03  Roach  
  150  7:05  Overlord  
  152  7:11  Roach x3  
  158  7:16  Overlord  
  158  7:18  Roach x2  
  164  7:23  Roach x3  
  164  7:25  Overseer  
  164  7:27  Roach x2  
  172  7:32  Roach x2  
  172  7:36  Ravager x2  
  180  7:37  Roach  
  180  7:41  Roach x2, Zergling x4  
  180  7:43  Roach, Zergling x2  
  188  7:47  Overlord  
  188  7:50  Roach x2  
  188  7:53  Zergling x4  
Show
View Real Time Build Order
Export as new Build Order

Has Protoss 

Build Orders: 1 Gate Expand, Oracle Opening, Phoenix Opening, Zealot Archon, Archon Drop 

Get SALT Encoding   

  12  0:00  Probe  
  13  0:12  Probe  
  14  0:21  Pylon  
  14  0:24  Probe  
  15  0:35  Probe  
  15  0:39  Gateway  
  16  0:43  Probe  
  17  0:54  Probe  
  18  1:00  Assimilator  
  18  1:02  Probe  
  18  1:10  Probe  
  20  1:27  Nexus  
  20  1:37  Cybernetics Core  
  20  1:40  Probe  
  20  1:47  Assimilator  
  21  1:52  Probe  
  22  1:56  Pylon  
  22  2:04  Probe, Adept  
  25  2:16  Probe  
  26  2:25  Stargate  
  26  2:27  Adept  
  26  2:28  Probe  
  27  2:32  Warp Gate  
  29  2:41  Probe x2  
  31  2:53  Probe x2  
  31  2:57  Adept  
  35  3:03  Phoenix  
  35  3:05  Probe x2  
  39  3:15  Pylon  
  39  3:17  Probe  
  39  3:18  Probe  
  41  3:24  Oracle  
  41  3:29  Probe  
  41  3:30  Probe  
  46  3:41  Probe  
  46  3:42  Probe  
  48  3:53  Probe  
  48  3:54  Probe  
  48  3:55  Assimilator, Pylon  
  50  3:58  Assimilator  
  50  4:03  Robotics Facility  
  50  4:05  Probe  
  50  4:06  Probe  
  50  4:08  Twilight Council  
  52  4:17  Probe  
  52  4:18  Probe  
  52  4:21  Pylon  
  54  4:25  Gateway  
  54  4:27  Gateway  
  54  4:29  Probe  
  54  4:30  Probe, Gateway  
  56  4:41  Warp Prism  
  56  4:42  Gateway  
  56  4:45  Charge, Templar Archives  
  56  4:46  Gateway  
  58  5:00  Gateway  
  58  5:11  Pylon  
  58  5:19  Nexus  
  58  5:21  Pylon  
  58  5:29  Warp Prism  
  58  5:32  Pylon  
  60  5:37  High Templar x4  
  60  5:41  Archon x2  
  68  5:44  Probe x2  
  70  5:58  Zealot x3, Pylon  
  76  6:14  High Templar x2  
  76  6:15  Zealot x2  
  84  6:20  Zealot x3  
  84  6:21  Archon  
  84  6:25  Probe x2  
  92  6:27  Pylon  
  92  6:49  Zealot x7  
  86  7:02  Immortal  
  86  7:04  Probe x2  
  86  7:06  Probe  
  91  7:09  Robotics Facility  
  91  7:14  Zealot, Sentry x2  
  91  7:15  Zealot x3  
  97  7:19  Probe  
  97  7:20  Probe x2  
  97  7:22  Pylon  
  96  7:27  Robotics Bay  
  96  7:28  Forge  
  94  7:32  Immortal  
  94  7:49  Zealot x4  
  94  7:50  Sentry x3  
Tags
 
Add a new tag
Caveats
  • Supply blocks, unpowered buildings, or Contaminate may cause inaccurate times.
  • Supply counts are checked every 10 seconds.